 Dungeon Crawl Stone Soup version 0.24.0-123-gd5b16e6ec5 (webtiles) character file.

Game seed: 16836130119522310704, levelgen mode: deterministic

197822 Ponchio the Earth Mage (level 17, -8/101 HPs)
             Began as a Deep Elf Earth Elementalist on Feb 13, 2020.
             Was the Champion of Vehumet.
             Mangled by a spriggan berserker
             ... wielding a +0 rapier
              (23 damage)
             ... on level 2 of the Depths.
             The game lasted 03:37:09 (41315 turns).

Ponchio the Earth Mage (DEEE)                      Turns: 41315, Time: 03:37:10

Health: -8/101     AC:  8    Str:  5    XL:     17   Next: 79%
Magic:  36/66      EV: 23    Int: 33    God:    Vehumet [******]
Gold:   1241       SH:  0    Dex: 22    Spells: 17/55 levels left

rFire    + + +     SeeInvis +   J - staff of power
rCold    + + .     Gourm    .   (no shield)
rNeg     + + .     Faith    +   C - +1 robe {rC+ rF+}
rPois    .         Spirit   .   H - +2 hat {SInv}
rElec    .         Reflect  .   U - scarf {repulsion}
rCorr    .         Harm     .   Y - +0 pair of gloves
MR       ++...                  T - +1 pair of boots {Stlth+}
Stlth    ++++......             c - amulet of Twilight {Faith Int+5}
HPRegen  0.26/turn              v - ring of Yloddoc {rF++ rN+ MR+ Dex+5}
MPRegen  0.40/turn              w - ring of Fallacy {rN+ MP+9}

@: repel missiles
A: thin skeletal structure 1, cold resistance 1, MP-powered wands
}: 1/15 runes: abyssal
a: Renounce Religion


You were on level 2 of the Depths.
You worshipped Vehumet.
Vehumet was exalted by your worship.
You were not hungry.

You visited 5 branches of the dungeon, and saw 26 of its levels.
You visited the Abyss 1 time.
You also visited: Bailey, Gauntlet, Ice Cave and Volcano.

You collected 3004 gold pieces.
You spent 1763 gold pieces at shops.

Inventory:

Hand Weapons
 r - the +10 morningstar of Regicide {drain, Dex+4}
   (You found it on level 5 of the Lair of Beasts)

   A truly terrible weapon, it drains the life of those it strikes.
   It affects your dexterity (+4).
Missiles
 P - 64 stones (quivered)
Armour
 C - a +1 robe of resistance (worn)
 H - a +2 hat of see invisible (worn)
 R - the +0 pair of gloves of Fedhas's Fury {rCorr Str+2 Dex-3}
   (You found it on level 14 of the Dungeon)

   It affects your strength (+2).
   It affects your dexterity (-3).
   It provides partial protection from all sources of acid and corrosion.
 T - a +1 pair of boots of stealth (worn)
 U - a scarf of repulsion (worn)
 Y - a +0 pair of gloves (worn)
Magical Staves
 J - an uncursed staff of power (weapon)
 Z - an uncursed staff of wizardry
Jewellery
 c - the amulet of Twilight (around neck) {Faith Int+5}
   (You bought it in a shop on level 10 of the Dungeon)

   [amulet of faith]

   It allows you to gain divine favour quickly.
   It affects your intelligence (+5).
 l - an uncursed ring of poison resistance
 v - the ring of Yloddoc (left hand) {rF++ rN+ MR+ Dex+5}
   (You bought it in a shop on level 2 of the Orcish Mines)

   [ring of dexterity]

   It affects your dexterity (+5).
   It greatly protects you from fire.
   It protects you from negative energy.
   It affects your resistance to hostile enchantments.
 w - the ring of Fallacy (right hand) {rN+ MP+9}
   (You took it off a deep elf mage on level 13 of the Dungeon)

   [ring of positive energy]

   It protects you from negative energy.
   It affects your magic capacity (+9).
 B - a +3 ring of intelligence
 E - an uncursed ring of positive energy
Wands
 b - a wand of polymorph (19)
 f - a wand of clouds (3)
 q - a wand of disintegration (20)
 y - a wand of enslavement (18)
 D - a wand of acid (6)
 G - a wand of paralysis (17)
 L - a wand of random effects (47)
 M - a wand of digging (9)
 N - a wand of flame (86)
 X - a wand of iceblast (32)
Scrolls
 a - a scroll of identify
 g - 14 scrolls of teleportation
 k - 4 scrolls of fear
 o - 16 scrolls of remove curse
 p - a scroll of magic mapping
 s - a scroll of brand weapon
 x - a scroll of enchant weapon
 I - 2 scrolls of amnesia
 Q - 3 scrolls of fog
Potions
 e - 4 potions of haste
 h - 5 potions of flight
 i - 10 potions of curing
 j - 3 potions of resistance
 m - 3 potions of magic
 n - 9 potions of might
 t - 3 potions of brilliance
 u - 6 potions of heal wounds
 A - 2 potions of invisibility
 F - 3 potions of mutation
 K - 3 potions of cancellation
 O - a potion of ambrosia
 S - a potion of berserk rage
 W - 2 potions of agility
Comestibles
 d - 4 rations


   Skills:
 - Level 9.7 Fighting
 - Level 11.7 Dodging
 - Level 2.4 Stealth
 + Level 19.8 Spellcasting
 + Level 13.3 Conjurations
 - Level 1.1 Transmutations
 + Level 20.0 Earth Magic


You had 17 spell levels left.
You knew the following spells:

 Your Spells              Type           Power        Failure   Level  Hunger
a - Sandblast             Erth           ######       0%          1    None
b - Passwall              Tmut/Erth      #######.     1%          2    None
c - Stone Arrow           Conj/Erth      ######       0%          3    None
d - Petrify               Tmut/Erth      #######.     1%          4    None
e - Lee's Rapid Deconstr  Erth           ########..   0%          5    None
f - Iron Shot             Conj/Erth      #######...   1%          6    None
g - Lehudib's Crystal Sp  Conj/Erth      #######...   2%          8    ####...
h - Shatter               Erth           ########..   8%          9    ######.

Your spell library contained the following spells:

 Spells                   Type           Power        Failure   Level  Hunger
 Chain Lightning          Conj/Air       ######....   71%         8    ####...
 Fire Storm               Conj/Fire      ######....   100%        9    ######.
 Animate Skeleton         Necr           N/A          1%          1    None
 Apportation              Tloc           ####..       1%          1    None
 Beastly Appendage        Tmut           #####.       1%          1    None
 Confusing Touch          Hex            ####..       1%          1    None
 Infusion                 Chrm           ####         1%          1    None
 Summon Small Mammal      Summ           ####         1%          1    None
 Call Imp                 Summ           ####....     1%          2    None
 Poisonous Vapours        Pois/Air       ####..       1%          2    None
 Shroud of Golubria       Chrm/Tloc      ####..       1%          2    None
 Song of Slaying          Chrm           ####....     1%          2    None
 Sticks to Snakes         Tmut           #####...     1%          2    None
 Sublimation of Blood     Necr           ####......   1%          2    None
 Conjure Flame            Conj/Fire      ######..     1%          3    None
 Ignite Poison            Fire/Tmut/Pois #####...     1%          3    None
 Mephitic Cloud           Conj/Pois/Air  ######..     1%          3    None
 Leda's Liquefaction      Hex/Erth       #######...   1%          4    None
 Bolt of Magma            Conj/Fire/Erth #######...   1%          5    None
 Borgnjor's Vile Clutch   Necr/Erth      #######...   1%          5    None
 Irradiate                Conj/Tmut      ######....   1%          5    None
 Iskenderun's Battlesphe  Conj/Chrm      ######..     1%          5    None
 Venom Bolt               Conj/Pois      ######....   1%          5    None
 Statue Form              Tmut/Erth      #######..    1%          6    None
 Orb of Destruction       Conj           #######...   1%          7    ##.....
 Spider Form              Tmut/Pois      #####.....   2%          3    None
 Call Canine Familiar     Summ           ####....     3%          3    None
 Recall                   Summ/Tloc      N/A          3%          3    None
 Regeneration             Chrm/Necr      ####......   3%          3    None
 Spectral Weapon          Hex/Chrm       ####....     3%          3    None
 Summon Guardian Golem    Hex/Summ       ####....     3%          3    None
 Freezing Cloud           Conj/Ice/Air   ######....   7%          6    None
 Ice Form                 Ice/Tmut       #####...     9%          4    None
 Animate Dead             Necr           N/A          11%         4    None
 Summon Ice Beast         Ice/Summ       ####....     11%         4    None
 Summon Lightning Spire   Summ/Air       ####....     11%         4    None
 Spellforged Servitor     Conj/Summ      ######....   16%         7    ##.....
 Blade Hands              Tmut           #####.....   19%         5    None
 Alistair's Intoxication  Tmut/Pois      #####...     22%         5    None
 Death Channel            Necr           ####......   85%         6    None
 Simulacrum               Ice/Necr       ####......   85%         6    None
 Ring of Flames           Chrm/Fire      ####......   100%        7    ##.....


Dungeon Overview and Level Annotations

Branches:
Dungeon (15/15)            Temple (1/1) D:6            Lair (6/6) D:10
  Swamp (0/4) Lair:2       Spider (0/4) Lair:2        Slime (0/5) Lair:6
    Orc (2/2) D:11            Elf (0/3) Orc:2        Vaults (0/5) D:13
 Depths (2/5) D:15         Bailey (visited)           IceCv (visited)
Volcano (visited)         Gauntlet (visited)

Altars:
Cheibriados
Dithmenos
Elyvilon
Fedhas
Hepliaklqana
Makhleb
Okawaru
Qazlal
Ru
Sif Muna
Trog
Uskayaw
Vehumet
Xom
Yredelemnul
Beogh
Jiyva

Shops:
D:5 !   D:10 =[[   Orc:2 *=[(

Portals:
Hell: Depths:1
Abyss: Depths:1

Annotations:
Lair:6 Xerdoz's ghost, journeyman TrHu


Innate Abilities, Weirdness & Mutations

You have a somewhat thin skeletal structure. (Dex +2, Stealth)
Your flesh is cold resistant. (rC+)
You expend magic power (3 MP) to strengthen your wands.


Message History

The polar bear rages.
The spriggan berserker closely misses you.
The death yak gores you!!
* * * LOW HITPOINT WARNING * * *
You feel much better.
The spriggan berserker hits you with a +0 rapier!
The death yak barely misses you. The death yak closely misses you.
The polar bear rages.
The spriggan berserker hits you with a +0 quarterstaff!!
* * * LOW HITPOINT WARNING * * *
You hear a screech!
As you read the scroll of fear, it crumbles to dust.
You assume a fearsome visage.
The death yak resists with almost no effort.
The stone giant looks frightened!
The war gargoyle is unaffected.
The rust devil is unaffected.
The spriggan berserker easily resists.
The deep elf high priest easily resists.
The spriggan berserker resists with almost no effort.
The spriggan berserker hits you with a +0 rapier!!
You die...

## #.# #..#
#.8.#####
#.......#
+.....<.#
+....i@.#
#...⌠YiY##
#.....9..##
#.>...Y.8.##
#.....)....#
#####'h#####
##.eC4##
#8....8#
##((..##


You could see a stone giant (fleeing), 3 death yaks, 2 spriggan berserkers, a
war gargoyle, a deep elf high priest, a polar bear (berserk) and a rust devil.

Vanquished Creatures
  Rupert (D:12)
  A tentacled monstrosity (Depths:1)
  Agnes (D:14)
  Gastronok (D:8)
  Donald (Orc:1)
  3 frost giants
  2 orc warlords (Orc:2)
  3 stone giants
  Nessos (D:12)
  An entropy weaver (shapeshifter) (Abyss:3)
  A minotaur (Gauntlet)
  2 ettins (D:14)
  2 crystal guardians (Abyss:3)
  A deep elf high priest (D:14)
  2 death oozes (Gauntlet)
  A great orb of eyes (D:14)
  2 great orbs of eyes (shapeshifter) (Abyss:3)
  2 ice dragons (D:15)
  A spriggan air mage (Depths:2)
  8 vault guards (D:13)
  10 hydras
  2 catoblepae
  4 ogre magi
  5 death yaks
  9 two-headed ogres
  2 centaur warriors
  4 thrashing horrors (Abyss:3)
  3 tengu warriors
  A dancing weapon (D:14)
  3 orc high priests
  A deep troll earth mage (D:14)
  A deep elf knight (D:13)
  A hell knight (D:14)
  3 skeletal warriors (Depths:2)
  10 unseen horrors
  Pikel (D:7)
  2 starcursed masses (Abyss:3)
  2 lindwurms (Volcano)
  A flayed ghost (D:14)
  10 orc knights
  A phantasmal warrior (D:14)
  2 wolf spiders
  3 orc sorcerers
  5 deep elf magi
  The ghost of H0rd4k the Cutter, a novice HuAr (D:9)
  3 manticores
  2 oklob plants (Lair:4)
  5 cyclopes
  4 rust devils (Depths:2)
  An elephant (Lair:6)
  A guardian serpent (shapeshifter) (Abyss:3)
  11 black mambas
  Joseph (D:7)
  An ice statue (IceCv)
  A guardian serpent (Lair:6)
  2 centaur skeletons
  A molten gargoyle (Volcano)
  4 gargoyles
  A spiny frog (shapeshifter) (D:13)
  2 rime drakes
  20 spiny frogs
  4 kobold demonologists
  5 komodo dragons
  A tengu conjurer (Depths:2)
  7 efreet
  A freezing wraith (D:14)
  An ancient zyme (Abyss:3)
  A polar bear (shapeshifter) (Abyss:3)
  A queen bee (Lair:6)
  12 trolls
  Prince Ribbit (D:6)
  7 meliai
  2 queen bees (shapeshifter)
  7 jumping spiders
  17 hornets
  A bog body (Lair:2)
  21 polar bears
  7 slime creatures
  14 blink frogs
  Grinder (D:3)
  11 hippogriffs
  11 dream sheep
  A shadow (D:13)
  A spriggan (D:10)
  Sigmund (D:3)
  5 redbacks
  4 fire elementals (Volcano)
  38 yaks
  2 basilisks
  15 wyverns
  2 humans (shapeshifter)
  2 hungry ghosts (D:14)
  3 vampire mosquitoes
  6 wargs
  25 water moccasins
  A floating eye (shapeshifter) (D:13)
  8 porcupines
  2 sky beasts
  3 ice beasts
  A black bear (D:7)
  2 eyes of draining (D:12)
  40 orc warriors
  A necrophage (D:8)
  The ghost of Lemonice the Charmwright, an amateur GnSk (D:3)
  18 ogres
  A phantom (D:8)
  8 centaurs
  15 wolves
  11 crocodiles
  Blork the orc (D:10)
  2 big kobolds
  2 gnoll sergeants
  14 bullfrogs
  5 earth elementals (Volcano)
  2 wyvern zombies
  A wyvern skeleton (D:7)
  7 killer bees (Lair:6)
  A scorpion (D:10)
  3 wights (D:11)
  9 howler monkeys
  2 electric eels (Lair:5)
  10 crimson imps
  A quasit (D:5)
  2 bullfrog zombies
  8 centaur zombies
  7 hounds
  13 orc wizards
  24 orc priests
  Natasha (thrice) (D:3)
  5 jellies
  Jessica (D:2)
  A bullfrog skeleton (D:8)
  3 iguanas
  13 worker ants
  A worker ant zombie (D:9)
  A howler monkey zombie (D:8)
  26 gnolls
  9 adders
  10 shadow imps
  12 white imps (D:12)
  An adder zombie (D:5)
  8 worms
  2 dart slugs
  5 leopard geckos
  125 orcs
  A ball python (D:3)
  3 giant cockroaches (D:2)
  19 hobgoblins
  13 jackals
  8 quokkas
  A ball python zombie (D:5)
  4 bats
  5 frilled lizards
  7 goblins
  A jackal zombie (D:8)
  27 kobolds
  A leopard gecko skeleton (D:6)
  A leopard gecko zombie (D:7)
  A quokka skeleton (D:8)
  9 rats
  3 fire vortices (Volcano)
  3 fungi
  2 lurking horrors (Abyss:3)
  3 plants
986 creatures vanquished.

Vanquished Creatures (others)
  A bush (Lair:6)
  89 fungi
  39 plants
  2 withered plants (Gauntlet)
131 creatures vanquished.

Grand Total: 1117 creatures vanquished

Notes
Turn   | Place    | Note
-------+----------+-------------------------------------------
     0 | D:1      | Ponchio the Deep Elf Earth Elementalist began the quest for
                  | the Orb.
     0 | D:1      | Reached XP level 1. HP: 10/10 MP: 6/6
   132 | D:1      | Found a shimmering altar of Xom.
   174 | D:1      | Reached XP level 2. HP: 9/15 MP: 6/8
   469 | D:1      | Reached skill level 4 in Earth Magic
   875 | D:1      | Reached XP level 3. HP: 8/19 MP: 5/10
  1107 | D:2      | Learned a level 2 spell: Passwall
  1111 | D:2      | Learned a level 3 spell: Stone Arrow
  1600 | D:2      | Noticed Jessica
  1605 | D:2      | Killed Jessica
  1605 | D:2      | Reached XP level 4. HP: 17/24 MP: 9/12
  1727 | D:3      | Noticed Sigmund
  1735 | D:2      | Learned a level 4 spell: Petrify
  1765 | D:3      | Reached skill level 5 in Spellcasting
  1765 | D:3      | Reached skill level 5 in Earth Magic
  1777 | D:3      | Reached XP level 5. HP: 27/28 MP: 4/14
  2216 | D:3      | Noticed Natasha
  2227 | D:3      | Killed Natasha
  2352 | D:3      | Learned a level 5 spell: Lee's Rapid Deconstruction
  2401 | D:3      | Killed Sigmund
  2401 | D:3      | Reached skill level 6 in Earth Magic
  2401 | D:3      | Reached XP level 6. HP: 32/32 MP: 12/17
  2495 | D:3      | Found a runed translucent door.
  2498 | D:3      | Noticed Lemonice's ghost (amateur GnSk)
  2601 | D:3      | Noticed Natasha
  2603 | D:3      | Killed Natasha
  2703 | D:3      | Noticed Grinder
  2716 | D:3      | Killed Grinder
  2716 | D:3      | Reached XP level 7. HP: 25/36 MP: 13/20
  3030 | D:3      | Noticed Natasha
  3033 | D:3      | Killed Natasha
  3033 | D:3      | Reached skill level 7 in Earth Magic
  3118 | D:3      | Killed Lemonice's ghost
  3371 | D:4      | You fall into a shaft and drop 2 floors!
  3371 | D:6      | Found an iron altar of Okawaru.
  3481 | D:6      | Found a staircase to the Ecumenical Temple.
  3488 | Temple   | Entered the Ecumenical Temple
  3499 | Temple   | Became a worshipper of Vehumet
  3544 | D:5      | Entered Level 5 of the Dungeon
  3955 | D:4      | You fall into a shaft and drop 1 floor!
  4174 | D:5      | Reached * piety under Vehumet
  4174 | D:5      | Offered knowledge of Shock by Vehumet.
  4174 | D:5      | Reached skill level 8 in Earth Magic
  4756 | D:5      | Reached XP level 8. HP: 41/41 MP: 18/22
  5047 | D:5      | Found Osekhliu's Distillery.
  5520 | D:6      | Found a hazy altar of Hepliaklqana.
  5649 | D:6      | Found a blossoming altar of Fedhas.
  5659 | D:6      | Offered knowledge of Magic Dart by Vehumet.
  5667 | D:6      | Reached ** piety under Vehumet
  5757 | D:6      | Found a white marble altar of Elyvilon.
  5761 | D:6      | Noticed Prince Ribbit
  5765 | D:6      | Killed Prince Ribbit
  5765 | D:6      | Reached skill level 9 in Earth Magic
  5770 | D:6      | Reached skill level 10 in Spellcasting
  6158 | D:7      | Found a basalt altar of Yredelemnul.
  6160 | D:7      | Found a blossoming altar of Fedhas.
  6167 | D:7      | Found a bloodstained altar of Trog.
  6293 | D:7      | Found a transporter.
  6293 | D:7      | Noticed a kobold demonologist
  6293 | D:7      | Noticed a kobold demonologist
  6307 | D:7      | Reached skill level 10 in Earth Magic
  6368 | D:7      | Noticed a hippogriff
  6376 | D:7      | Killed a hippogriff
  6376 | D:7      | Reached XP level 9. HP: 10/45 MP: 8/25
  6608 | D:7      | Found a transporter.
  7040 | D:7      | Noticed Joseph
  7300 | D:7      | Killed Joseph
  7493 | D:7      | Reached skill level 11 in Earth Magic
  7561 | D:7      | Noticed Pikel
  7565 | D:7      | Killed Pikel
  7650 | D:7      | Found a sacrificial altar of Ru.
  7733 | D:7      | Offered knowledge of Searing Ray by Vehumet.
  7750 | D:7      | Reached skill level 1 in Fighting
  7750 | D:7      | Killed a kobold demonologist
  7752 | D:7      | Killed a kobold demonologist
  7842 | D:7      | Got a dazzling mace
  7846 | D:7      | Identified the +9 mace of Redghocs {vamp, *Drain Str+7}
                  | (You found it on level 7 of the Dungeon)
  7936 | D:8      | Reached XP level 10. HP: 56/56 MP: 18/27
  8059 | D:8      | Reached *** piety under Vehumet
  8075 | D:8      | Noticed Gastronok
  8322 | D:8      | Noticed a two-headed ogre
  8325 | D:8      | Killed a two-headed ogre
  8325 | D:8      | Reached skill level 5 in Dodging
  8396 | D:8      | Killed Gastronok
  8396 | D:8      | Reached skill level 5 in Fighting
  8590 | D:8      | Found a shadowy altar of Dithmenos.
  8601 | D:8      | Offered knowledge of Fulminant Prism by Vehumet.
  8612 | D:8      | Noticed a two-headed ogre
  8616 | D:8      | Killed a two-headed ogre
  8777 | D:8      | Found an iron altar of Okawaru.
  9035 | D:8      | Noticed an unseen horror
  9041 | D:8      | Killed an unseen horror
  9041 | D:8      | Reached XP level 11. HP: 57/67 MP: 18/28
  9566 | D:9      | Reached **** piety under Vehumet
  9703 | D:9      | Offered knowledge of Conjure Flame by Vehumet.
  9846 | D:9      | Found a roughly hewn altar of Beogh.
 10054 | D:9      | Noticed a two-headed ogre
 10063 | D:9      | Killed a two-headed ogre
 10121 | D:9      | Found a snail-covered altar of Cheibriados.
 10314 | D:9      | Found a runed translucent gate.
 10314 | D:9      | Found a runed translucent gate.
 10314 | D:9      | Found a runed translucent gate.
 10318 | D:9      | Identified the +9 plate armour of the Castellan {MR+ Str+3}
 10323 | D:9      | Noticed H0rd4k's ghost (novice HuAr)
 10325 | D:9      | Found a roughly hewn altar of Beogh.
 10580 | D:9      | Reached ***** piety under Vehumet
 10583 | D:9      | Offered knowledge of Venom Bolt by Vehumet.
 10894 | D:9      | Killed H0rd4k's ghost
 11041 | D:10     | Entered Level 10 of the Dungeon
 11051 | D:10     | Found Womuses's Jewellery Emporium.
 11410 | D:10     | Found Quqi's Antique Armour Emporium.
 11474 | D:10     | Noticed an unseen horror
 11490 | D:10     | Killed an unseen horror
 11644 | D:10     | Found a staircase to the Lair.
 12030 | D:10     | Found Yproissisu's Antique Armour Shoppe.
 12042 | D:10     | Noticed Blork the orc
 12047 | D:10     | Killed Blork the orc
 12052 | D:10     | Found a shimmering blue altar of Sif Muna.
 12576 | Lair:1   | Entered Level 1 of the Lair of Beasts
 12576 | Lair:1   | Found a burning altar of Makhleb.
 12607 | Lair:1   | Reached skill level 10 in Dodging
 12970 | Lair:1   | Noticed a five-headed hydra
 12973 | Lair:1   | Killed a five-headed hydra
 12973 | Lair:1   | Reached skill level 12 in Earth Magic
 12973 | Lair:1   | Reached XP level 12. HP: 76/76 MP: 15/30
 13747 | Lair:2   | Offered knowledge of Bolt of Cold by Vehumet.
 13812 | Lair:2   | Noticed a seven-headed hydra
 14732 | Lair:2   | Found a hole to the Spider Nest.
 15246 | Lair:2   | Found a staircase to the Swamp.
 15344 | Lair:2   | Killed a seven-headed hydra
 15344 | Lair:2   | Reached skill level 13 in Earth Magic
 15631 | Lair:3   | Found a dark tunnel.
 15648 | Volcano  | Entered a volcano
 17418 | Lair:3   | Reached skill level 14 in Earth Magic
 17420 | Lair:3   | Reached XP level 13. HP: 80/80 MP: 4/33
 18594 | Lair:4   | Offered knowledge of Bolt of Fire by Vehumet.
 18858 | Lair:4   | Reached skill level 15 in Spellcasting
 20234 | Lair:5   | Reached skill level 15 in Earth Magic
 20336 | Lair:5   | Got an encrusted morningstar
 20337 | Lair:5   | Identified the +10 morningstar of Regicide {drain, Dex+4}
                  | (You found it on level 5 of the Lair of Beasts)
 21135 | Lair:5   | Gained mutation: You are clumsy. (Dex -2) [potion of
                  | mutation]
 21135 | Lair:5   | Gained mutation: Your spells are a little easier to cast,
                  | but a little less powerful. [potion of mutation]
 21135 | Lair:5   | Gained mutation: You are partially covered in thin metallic
                  | scales. (AC +2) [potion of mutation]
 21136 | Lair:5   | Lost mutation: You are clumsy. (Dex -2) [potion of
                  | mutation]
 21136 | Lair:5   | Lost mutation: Your spells are a little easier to cast, but
                  | a little less powerful. [potion of mutation]
 21136 | Lair:5   | Lost mutation: You are partially covered in thin metallic
                  | scales. (AC +2) [potion of mutation]
 21136 | Lair:5   | Gained mutation: You do not regenerate when monsters are
                  | visible. [potion of mutation]
 21136 | Lair:5   | Gained mutation: You are resistant to electric shocks.
                  | (rElec) [potion of mutation]
 21501 | Lair:6   | Entered Level 6 of the Lair of Beasts
 21674 | Lair:5   | Offered knowledge of Orb of Destruction by Vehumet.
 21924 | Lair:6   | Found a staircase to the Slime Pits.
 22349 | Lair:6   | Reached XP level 14. HP: 58/86 MP: 30/36
 22640 | Lair:6   | Reached skill level 16 in Earth Magic
 22660 | Lair:6   | Noticed Xerdoz's ghost (journeyman TrHu)
 23919 | Lair:6   | Found a transporter.
 23921 | Lair:6   | Found a transporter.
 24680 | Lair:6   | Learned a level 6 spell: Iron Shot
 24698 | Lair:6   | Offered knowledge of Ozocubu's Refrigeration by Vehumet.
 25120 | D:11     | Found a staircase to the Orcish Mines.
 25664 | D:11     | You fall into a shaft and drop 3 floors!
 25679 | D:14     | Offered knowledge of Conjure Ball Lightning by Vehumet.
 25680 | D:14     | Reached ****** piety under Vehumet
 25713 | D:14     | Found a snail-covered altar of Cheibriados.
 25715 | D:14     | Reached skill level 17 in Earth Magic
 25779 | D:14     | Found a flagged portal.
 25786 | Bailey   | Entered a bailey
 26532 | D:12     | Found a gate leading to a gauntlet.
 26549 | Gauntlet | Entered a Gauntlet
 26549 | Gauntlet | Found a transporter.
 26577 | Gauntlet | Found a large runed translucent door.
 26578 | Gauntlet | Found a large runed translucent door.
 26579 | Gauntlet | Found a large runed translucent door.
 26579 | Gauntlet | Found a large runed translucent door.
 26579 | Gauntlet | Found a runed translucent door.
 26580 | Gauntlet | Found a large runed translucent door.
 26581 | Gauntlet | Found a large runed translucent door.
 26582 | Gauntlet | Found a large runed translucent door.
 26582 | Gauntlet | Found a large runed translucent door.
 26583 | Gauntlet | Found a runed translucent gate.
 26583 | Gauntlet | Found a runed translucent gate.
 26585 | Gauntlet | Found a transporter.
 26595 | Gauntlet | Found a runed translucent gate.
 26596 | Gauntlet | Found a large runed translucent door.
 26596 | Gauntlet | Found a large runed translucent door.
 26597 | Gauntlet | Found a large runed translucent door.
 26598 | Gauntlet | Found a large runed translucent door.
 26604 | Gauntlet | Found a transporter.
 26612 | Gauntlet | Found a transporter.
 26630 | Gauntlet | Found a transporter.
 26650 | Gauntlet | Found a transporter.
 26662 | Gauntlet | Found a transporter.
 26674 | Gauntlet | Found a transporter.
 26686 | Gauntlet | Found a transporter.
 26698 | Gauntlet | Found a transporter.
 26718 | Gauntlet | Found a transporter.
 26736 | Gauntlet | Found a transporter.
 26738 | Gauntlet | Found a transporter.
 26770 | Gauntlet | Found a transporter.
 26772 | Gauntlet | Found a transporter.
 26774 | Gauntlet | Found a transporter.
 26798 | Gauntlet | Found a runed translucent door.
 26802 | Gauntlet | Found a large runed translucent door.
 26802 | Gauntlet | Found a large runed translucent door.
 26803 | Gauntlet | Found a large runed translucent door.
 26804 | Gauntlet | Found a large runed translucent door.
 26806 | Gauntlet | Found a transporter.
 26808 | Gauntlet | Found a transporter.
 26865 | Gauntlet | Lost mutation: You do not regenerate when monsters are
                  | visible. [potion of mutation]
 26865 | Gauntlet | Lost mutation: You are resistant to electric shocks.
                  | (rElec) [potion of mutation]
 26865 | Gauntlet | Gained mutation: You have a somewhat thin skeletal
                  | structure. (Dex +2, Stealth) [potion of mutation]
 26865 | Gauntlet | Gained mutation: Scrolls take you a little longer to read.
                  | [potion of mutation]
 26865 | Gauntlet | Gained mutation: You are resistant to electric shocks.
                  | (rElec) [potion of mutation]
 26988 | Gauntlet | Got a scorched hat
 26999 | Gauntlet | Identified the +2 hat of Greater Demons {rElec rF+ Str+6
                  | Int-2} (You found it in a Gauntlet)
 27049 | Gauntlet | Identified the cursed ring "Reshrafoob" {+Blink rN+ Str+2
                  | Slay-2}
 27069 | Gauntlet | Found the +8 demon blade "Leech" {vamp, rN+ AC-3 EV-3}
 27072 | D:12     | Found a frozen archway.
 27112 | IceCv    | Entered an ice cave
 27740 | IceCv    | Offered knowledge of Poison Arrow by Vehumet.
 28074 | IceCv    | Noticed a frost giant
 28256 | IceCv    | Lost mutation: Scrolls take you a little longer to read.
                  | [potion of mutation]
 28256 | IceCv    | Lost mutation: You are resistant to electric shocks.
                  | (rElec) [potion of mutation]
 28256 | IceCv    | Gained mutation: Your flesh is cold resistant. (rC+)
                  | [potion of mutation]
 28256 | IceCv    | Gained mutation: You expend magic power (3 MP) to
                  | strengthen your wands. [potion of mutation]
 28306 | IceCv    | Reached XP level 15. HP: 92/92 MP: 39/39
 28508 | IceCv    | Killed a frost giant
 29146 | D:12     | Reached XP level 16. HP: 96/96 MP: 32/41
 29310 | D:12     | Noticed Nessos
 29313 | D:12     | Killed Nessos
 30066 | D:11     | Reached skill level 18 in Earth Magic
 30273 | D:11     | Offered knowledge of Lehudib's Crystal Spear by Vehumet.
 30273 | D:11     | Offered knowledge of Fire Storm by Vehumet.
 30273 | D:11     | Offered knowledge of Chain Lightning by Vehumet.
 30283 | D:11     | Learned a level 8 spell: Lehudib's Crystal Spear
 30459 | Orc:1    | Entered Level 1 of the Orcish Mines
 30618 | Orc:2    | Entered Level 2 of the Orcish Mines
 30618 | Orc:2    | Found a staircase to the Elven Halls.
 30685 | Orc:2    | Noticed Donald
 30698 | Orc:1    | Reached skill level 1 in Conjurations
 30853 | Orc:1    | Killed Donald
 31924 | Orc:2    | Reached skill level 5 in Conjurations
 32411 | Orc:2    | Found Ykushru's Antique Armour Emporium.
 32840 | Orc:2    | Found Koiskup's General Store.
 33441 | Orc:2    | Found Ihuqedd's Antique Weapon Shop.
 33726 | Orc:2    | Found Dynurol's Jewellery Shop.
 34941 | Orc:2    | Found a roughly hewn altar of Beogh.
 35046 | Orc:2    | Bought a scroll of magic mapping for 35 gold pieces
 35097 | Orc:2    | Bought the ring of Yloddoc {rF++ rN+ MR+ Dex+5} for 981
                  | gold pieces
 35184 | D:10     | Bought the amulet of Twilight {Faith Int+5} for 747 gold
                  | pieces
 35556 | D:12     | Noticed Rupert
 35935 | D:12     | Killed Rupert
 36161 | D:13     | Reached skill level 10 in Conjurations
 36300 | D:13     | Found a stormy altar of Qazlal.
 36476 | D:13     | Found a gate to the Vaults.
 37268 | D:13     | Found a runed translucent door.
 37268 | D:13     | Found a runed translucent door.
 37387 | D:13     | Identified the ring of Fallacy {rN+ MP+9}
 37440 | D:13     | Got a fine lapis lazuli ring
 37442 | D:13     | Got a translucent lapis lazuli ring
 37472 | D:13     | Identified the amulet of Suseoskank {rElec rC+ Regen+
                  | Str+4}
 37573 | D:13     | Identified the ring of Egalitarianism {*Tele Str+6 Dex-3}
                  | (You found it on level 13 of the Dungeon)
 37575 | D:13     | Identified the ring "Ituyxkod" {MR+ MP-9 Str+4 Dex+2} (You
                  | took it off a deep elf mage on level 13 of the Dungeon)
 38033 | D:14     | Learned a level 9 spell: Shatter
 38090 | D:14     | Identified the ring of Gadaveext {*Corrode rPois Str+3
                  | Stlth+}
 38091 | D:14     | Reached XP level 17. HP: 101/101 MP: 36/42
 38106 | D:14     | Noticed Agnes
 38108 | D:14     | Killed Agnes
 38609 | D:14     | Got a pair of distressingly furry gloves
 38620 | D:14     | Identified the cursed +0 pair of gloves of Fedhas's Fury
                  | {rCorr Str+2 Dex-3} (You found it on level 14 of the
                  | Dungeon)
 38632 | D:14     | Got a twisted war axe
 38633 | D:14     | Identified the +5 war axe of the Boiling Point {distort,
                  | +Rage rC- SInv Stlth+} (You found it on level 14 of the
                  | Dungeon)
 38634 | D:14     | Cast into level 3 of the Abyss (a distortion unwield)
 38658 | Abyss:3  | Reached skill level 19 in Earth Magic
 38690 | Abyss:3  | Got an abyssal rune of Zot
 38714 | D:14     | Escaped the Abyss
 39437 | D:15     | Entered Level 15 of the Dungeon
 39659 | D:15     | Found a viscous altar of Jiyva.
 40268 | D:15     | Found a staircase to the Depths.
 40470 | Depths:1 | Entered Level 1 of the Depths
 40623 | Depths:1 | Found a gateway to Hell.
 40874 | Depths:1 | Noticed a tentacled monstrosity
 40878 | Depths:1 | Killed a tentacled monstrosity
 41135 | Depths:1 | Found a one-way gate to the infinite horrors of the Abyss.
 41290 | Depths:2 | Reached skill level 20 in Earth Magic
 41315 | Depths:2 | Mangled by a spriggan berserker

Levels and vault maps discovered:
D:1:      dpeg_arrival_chase, layout_loops_ring, xom_teletrap_fun
D:2:      layout_rooms, uniq_jessica
D:3:      layout_loops_ring, ebering_ghost_reflecting_pool, uniq_grinder,
          uniq_sigmund, uniq_natasha
D:4:      layout_basic, kennysheep_little_box, serial_shops, shop_statue
D:5:      layout_gridville, first_ration, serial_shops, nicolae_shop_waterfront
D:6:      layout_loops_ring, kennysheep_mini, kennysheep_mini_moat,
          temple_statues, basic_altar, minmay_stone_trees_small,
          okawaru_gym_becter, uniq_prince_ribbit1
D:7:      gammafunk_wand_slinger, layout_gridville, marbit_many_paths,
          grunt_temple_overflow_open, uniq_pikel, uniq_joseph
D:8:      cheibrodos_fzero, layout_loops_ring, lemuel_crystal_altar,
          grunt_dithmenos_smoke_and_mirrors, uniq_gastronok
D:9:      layout_roguey [special_room_orc], slow_altar_1,
          biasface_ghost_orc_armoury
D:10:     layout_loops_ring, due_lair_maze_entry_diamond, serial_shops,
          shop_fountains, nicolae_shop_trees, shop, grunt_pizzeria,
          corexii_leaking_fountain, tgw_sif
D:11:     layout_loops_ring, erik_orc_3, amethyst_killhole,
          hangedman_decor_growths, hive_lemuel
D:12:     layout_gridville, gauntlet_entry_generic, portal_ice_cave_entry_imps,
          chequers_serial_rivers_small_b, uniq_nessos, uniq_rupert
D:13:     minmay_the_grid_triangle_9x9_recursive_2
          [minmay_the_grid_triangle_9x9_prize_special,
          minmay_the_grid_triangle_9x9_longest,
          minmay_the_grid_triangle_9x9_tough_junction,
          minmay_the_grid_triangle_9x9_odd_lines], layout_loops_corners,
          erik_vaults_2, basic_altar, grunt_ministairs_8, kennysheep_potato
D:14:     minmay_tearing_corner, layout_loops_ring, cheibriados_altar_1,
          enter_bailey_2, lightli_corner_chamber, uniq_agnes
D:15:     grunt_enter_depths_hoard, layout_gridville, jiyva_altar_1
Temple:   nicolae_temple_hex_pool
Lair:1:   layout_cave_pods, basic_altar
Lair:2:   layout_regular_city, skrybe_swamp_entry_bodies,
          nicolae_spider_entry_tight_spaces, grunt_megastairs_5
Lair:3:   layout_gridlike, nicolae_volcano_entry_lava_flow, serial_bayou_shore_b
Lair:4:   layout_regular_city, chequers_serial_rivers_micro_b,
          minmay_lair_oklob_chamber
Lair:5:   layout_loops_ring, serial_bayou_lake_a
Lair:6:   hangedman_lair_tendril_chambers, layout_misc_corridors, slime_dummy,
          gammafunk_ghost_hive, st_stairs_3, chequers_serial_rivers_micro_d,
          serial_bayou_shore_b
Orc:1:    layout_diamond_mine
Orc:2:    grunt_orc_gardens, layout_diamond_mine, grunt_orc_garden,
          grunt_orc_garden, grunt_orc_garden, grunt_orc_garden,
          minmay_orc_temple_b, uniq_donald
Depths:1: layout_gridlike, grunt_hell_entry_dis_mu, abyss_entry_crystal,
          minmay_misc_feat_doors, kennysheep_generic_room_7,
          serial_bayou_shore_b
Depths:2: grunt_profane_halls [grunt_profane_temple_geh,
          grunt_profane_temple_coc, grunt_profane_temple_dis,
          grunt_profane_temple_tar, grunt_profane_loot], hell_entry,
          uniq_saint_roka

Skill      XL: |  1  2  3  4  5  6  7  8  9 10 11 12 13 14 15 16 17 |
---------------+----------------------------------------------------+-----
Earth Magic    | 4 5 6 8 10 11 12 14 15 17 18 20 | 20.0
Spellcasting   | 4 5 6 7 8 10 11 12 14 16 18 19 | 19.8
Fighting       | 3 7 9 |  9.7
Dodging        | 4 7 10 11 | 11.7
Conjurations   | 12 13 | 13.3
Stealth        | |  2.4
Transmutations | |  1.1

Action                   |  1- 3 |  4- 6 |  7- 9 | 10-12 | 13-15 | 16-18 || total
-------------------------+-------+-------+-------+-------+-------+-------++-------
Melee: Short sword       |    56 |    33 |    34 |       |       |       ||   123
       Mace              |       |       |       |     3 |       |       ||     3
       Morningstar       |       |       |       |       |    29 |     5 ||    34
Throw: Stone             |       |       |       |       |       |     1 ||     1
 Cast: Sandblast         |    42 |    45 |    46 |    51 |    69 |    58 ||   311
       Stone Arrow       |       |       |    90 |   208 |   218 |   112 ||   628
       Lee's Rapid Decon |       |       |    25 |   118 |   224 |   168 ||   535
       Petrify           |       |       |       |     4 |     4 |    14 ||    22
       Iron Shot         |       |       |       |       |    12 |   118 ||   130
       Lehudib's Crystal |       |       |       |       |       |    18 ||    18
       Shatter           |       |       |       |       |       |     2 ||     2
Evoke: Wand              |       |       |       |       |       |     3 ||     3
  Use: Scroll            |     5 |     2 |     5 |    13 |    14 |     8 ||    47
       Potion            |       |       |     3 |     2 |    10 |     9 ||    24
 Stab: Sleeping          |     4 |     1 |     1 |       |       |     1 ||     7
       Petrified         |       |       |       |       |     3 |       ||     3
  Eat: Chunk             |     2 |     3 |    12 |    15 |    21 |    22 ||    75
       Ration            |       |       |     2 |     6 |     4 |     6 ||    18
Armor: Robe              |    11 |    10 |    11 |    21 |    17 |    16 ||    86
Dodge: Dodged            |    61 |    30 |    53 |    98 |   169 |   142 ||   553
       Deflected         |       |       |       |     1 |     8 |    10 ||    19
